 Dungeon Crawl Stone Soup version 0.20.1-1-g8b1a95d (webtiles) character file.

79 Ejeck the Covered (level 4, -1/40 HPs)
             Began as a Minotaur Fighter on Sept 13, 2017.
             Slain by a leopard gecko (4 damage)
             ... on level 2 of the Dungeon.
             The game lasted 00:05:55 (1454 turns).

Ejeck the Covered (Minotaur Fighter)                Turns: 1454, Time: 00:05:55

Health: -1/40      AC:  7    Str: 22    XL:     4   Next: 16%
Magic:  3/3        EV:  7    Int:  5    God:
Gold:   18         SH:  9    Dex:  9    Spells: 3/3 levels left

rFire    . . .     SeeInvis .   a - +0 long sword
rCold    . . .     Gourm    .   c - +0 shield
rNeg     . . .     Faith    .   b - +0 scale mail
rPois    .         Spirit   .   (helmet restricted)
rElec    .         Reflect  .   (no cloak)
rCorr    .         Harm     .   (no gloves)
MR       .....     Rnd*Tele +   (no boots)
Stlth    ..........             (no amulet)
Regen    0.2/turn               e - ring of teleportation (curse)
MPRegen  0.1/turn               g - ring of loudness (curse)

@: no status effects
A: retaliatory headbutt, horns 2
a: no special abilities


You were on level 2 of the Dungeon.
You were not hungry.

You visited 1 branch of the dungeon, and saw 2 of its levels.

You collected 18 gold pieces.

Inventory:

Hand Weapons
 a - a +0 long sword (weapon)
Armour
 b - a +0 scale mail (worn)
 c - a +0 shield (worn)
Jewellery
 e - a cursed ring of teleportation (left hand)
 g - a cursed ring of loudness (right hand)
Scrolls
 f - a scroll of identify {unknown}
Potions
 d - a potion of might
 h - a potion of heal wounds {unknown}


   Skills:
 + Level 4.3 Fighting
 + Level 3.4 Long Blades
 + Level 4.4 Armour
 + Level 0.2 Dodging
 + Level 4.2 Shields


You had 3 spell levels left.
You didn't know any spells.

Dungeon Overview and Level Annotations

Branches:
Dungeon (2/15)

Altars:

Annotations:
D:2 Robin


Innate Abilities, Weirdness & Mutations

You reflexively headbutt those who attack you in melee.
You have a pair of horns on your head.


Message History

The goblin shoots a stone.
You block the stone. The goblin hits you but does no damage.
You block the goblin's attack.
You see here a goblin corpse.
You barely miss the goblin. The goblin hits you but does no damage.
You barely miss the worm. The worm closely misses you.
You block the goblin's attack.
You hit the worm.
The worm is lightly wounded.
The goblin barely misses you. You furiously retaliate!
You headbutt the goblin!
You kill the goblin!
The worm bites you.
* * * LOW HITPOINT WARNING * * *
The leopard gecko bites you.
* * * LOW HITPOINT WARNING * * *
Robin of the Strong Arm comes into view.
She is wielding a spear of distortion.
A goblin comes into view. It is wielding a club.
The goblin shouts! x2
The leopard gecko bites you.
You die...

#...##....
#.#........
#......g# #.#≈ #...#
#(# ###g#≈#.###)#
#(# .g.#≈#...)(##
#)#
#.#≈#.###†.###+###
####.# g#≈
#..w........ #..(.#
#.###≈###g##.###?##.
###.####
#......l..##.###.##.
.##g#
###.#.@####.........
.##.#
#....#####..#......
.##.# #....
...#..##...#. .##.#
#...# #.#.<##..##
....# ####
#.).....## .####
###........ .#
#.####### .# #.. ##
####


You could see a worm, a leopard gecko and 3 goblins.

Vanquished Creatures
  4 gnolls (D:2)
  A dart slug (D:1)
  A ball python (D:2)
  6 bats (D:1)
  2 giant cockroaches (D:1)
  3 goblins
  8 hobgoblins
  2 jackals (D:1)
  4 frilled lizards
  2 kobolds
  3 rats (D:1)
36 creatures vanquished.

Notes
Turn   | Place    | Note
-------+----------+-------------------------------------------
     0 | D:1      | Ejeck the Minotaur Fighter began the quest for the Orb.
     0 | D:1      | Reached XP level 1. HP: 19/19 MP: 0/0
   395 | D:1      | Reached XP level 2. HP: 27/27 MP: 1/1
  1320 | D:2      | Reached XP level 3. HP: 33/33 MP: 2/2
  1391 | D:2      | Reached XP level 4. HP: 8/40 MP: 3/3
  1450 | D:2      | HP: 2/40 [leopard gecko (1)]
  1453 | D:2      | Noticed Robin
  1454 | D:2      | Slain by a leopard gecko

Skill      XL: |  1  2  3 |
---------------+----------+-----
Fighting       | 4 |  4.3
Shields        | 4 |  4.2
Armour         | 4 |  4.4
Long Blades    | 3 |  3.4
Dodging        | |  0.2

Action                   |  1- 3 |  4- 6 || total
-------------------------+-------+-------++-------
Melee: Long sword        |    63 |    11 ||    74
       Headbutt          |    10 |     2 ||    12
  Eat: Bread ration      |     1 |       ||     1
Armor: Scale mail        |    37 |     2 ||    39
Dodge: Dodged            |    38 |     5 ||    43
Block: Shield            |    44 |     5 ||    49
       Rpst.: Long sword |    12 |       ||    12
